 Dungeon Crawl Stone Soup version 0.27.0-1-g7a089689b8 (webtiles) character file.

Game seed: 328635108893589851

64081 SnakkuSnakku7 the Spear-Bearer (level 14, 0/110 HPs)
             Began as a Vampire Hedge Wizard on Aug 13, 2021.
             Was the Champion of Kikubaaqudgha.
             Shot with an arrow by a centaur warrior (17 damage)
             ... on level 14 of the Dungeon.
             The game lasted 01:00:18 (28171 turns).

SnakkuSnakku7 the Spear-Bearer (VpWz)              Turns: 28171, Time: 01:00:19

Health: 0/110      AC: 12    Str: 13    XL:     14   Next: 70%
Magic:  18/18      EV: 15    Int: 18    God:    Kikubaaqudgha [******]
Gold:   1991       SH:  5    Dex: 13    Spells: 19/19 levels left

rFire    . . .     SeeInvis +   a - +6 trident (flame)
rCold    . . .     Faith    .   l - +0 buckler
rNeg     . . .     Spirit   .   (no armour)
rPois    +         Reflect  .   y - +0 helmet
rElec    .         Harm     .   z - +2 cloak
rCorr    .         Rampage  .   p - +0 pair of gloves
Will     +....                  E - +1 pair of boots
Stlth    ++........             d - amulet of the acrobat
HPRegen  0.48/turn              x - +4 ring of protection
MPRegen  0.16/turn              e - ring of poison resistance

@: healing quickly
A: alive, fangs 3, see invisible, vampiric 2
a: Exsanguinate, Renounce Religion, Receive Corpses, Torment, Brand Weapon With
Pain, Receive Forbidden Knowledge


You were on level 14 of the Dungeon.
You worshipped Kikubaaqudgha.
Kikubaaqudgha was exalted by your worship.
You visited 4 branches of the dungeon, and saw 23 of its levels.
You also visited: Sewer and Bailey.

You collected 3041 gold pieces.
You spent 1050 gold pieces at shops.

Inventory:

Hand Weapons
 a - a +6 trident of flaming (weapon)
 i - a +0 bardiche
Missiles
 s - 58 poisoned darts (quivered)
 M - 6 throwing nets
Armour
 l - a +0 buckler (worn)
 p - a +0 pair of gloves (worn)
 u - the +6 plate armour of Xuchiudi {Str+7 Int-5}
   (You bought it in a shop on level 2 of the Orcish Mines)

   Str:       It affects your strength (+7).
   Int:       It affects your intelligence (-5).
 y - a +0 helmet (worn)
 z - a +2 cloak (worn)
 E - a +1 pair of boots (worn)
 S - +0 fire dragon scales
Jewellery
 d - an amulet of the acrobat (around neck)
 e - a ring of poison resistance (right hand)
 x - a +4 ring of protection (left hand)
 D - a +6 ring of dexterity
Wands
 f - a wand of digging (10)
 v - a wand of flame (39)
 w - a wand of polymorph (7)
 K - a wand of paralysis (5)
 L - a wand of acid (4)
 O - a wand of charming (8)
 Q - a wand of iceblast (7)
Scrolls
 c - a scroll of torment
 h - 4 scrolls of enchant armour
 k - 3 scrolls of teleportation
 r - 2 scrolls of holy word
 t - 4 scrolls of enchant weapon
 J - a scroll of identify
Potions
 g - 4 potions of flight
 m - 3 potions of might
 n - 5 potions of resistance
 o - 4 potions of curing
 q - 3 potions of heal wounds
 A - a potion of cancellation
 B - 2 potions of lignification
 C - 4 potions of attraction
 F - a potion of haste
 G - 3 potions of brilliance
 H - 5 potions of invisibility
 N - a potion of magic
 R - a potion of mutation
 T - a potion of ambrosia {unknown}
Miscellaneous
 b - a phantom mirror


   Skills:
 + Level 10.0 Fighting
 - Level 0.5 Maces & Flails
 - Level 14.0 Polearms
 - Level 4.0 Throwing
 - Level 8.0 Armour
 - Level 8.0 Dodging
 - Level 3.0 Stealth
 - Level 4.0 Shields
 - Level 3.0 Spellcasting
 - Level 0.6 Conjurations
 - Level 1.0 Summonings
 - Level 10.0 Necromancy
 - Level 0.7 Translocations
 - Level 8.0 Evocations


You had 19 spell levels left.
You didn't know any spells.
Your spell library contained the following spells:

 Spells                   Type           Power      Damage    Failure   Level
 Animate Skeleton         Necr           76%        N/A       1%          1
 Pain                     Necr           100%       1d9       1%          1
 Vampiric Draining        Necr           19%        2d8       1%          3
 Animate Dead             Necr           19%        N/A       2%          4
 Dispel Undead            Necr           38%        3d16      2%          4
 Corpse Rot               Necr/Air       N/A        N/A       3%          2
 Agony                    Necr           38%        N/A       8%          5
 Excruciating Wounds      Necr           19%        N/A       8%          5
 Summon Small Mammal      Summ           24%        N/A       11%         1
 Magic Dart               Conj           16%        1d3       13%         1
 Call Imp                 Summ           6%         N/A       16%         2
 Blink                    Tloc           N/A        N/A       19%         2
 Poisonous Vapours        Pois/Air       4%         N/A       24%         2
 Slow                     Hex            2%         N/A       24%         2
 Call Canine Familiar     Summ           6%         N/A       32%         3
 Summon Guardian Golem    Hex/Summ       4%         N/A       36%         3
 Death Channel            Necr           19%        N/A       38%         6
 Conjure Flame            Conj/Fire      3%         6-21      41%         3
 Mephitic Cloud           Conj/Pois/Air  3%         N/A       41%         3
 Stone Arrow              Conj/Erth      6%         3d7       41%         3
 Confusing Touch          Hex            2%         N/A       43%         3
 Frozen Ramparts          Ice            4%         1d2       43%         3
 Animate Armour           Summ/Erth      8%         N/A       78%         4
 Summon Ice Beast         Ice/Summ       4%         N/A       78%         4
 Hailstorm                Conj/Ice       3%         3d3       82%         4
 Ice Form                 Ice/Tmut       2%         N/A       85%         4
 Simulacrum               Ice/Necr       10%        N/A       97%         6
 Blade Hands              Tmut           1%         N/A       99%         5
 Freezing Cloud           Conj/Ice/Air   1%         6-21      99%         5
 Iron Shot                Conj/Erth      1%         9d1       100%        6
 Lehudib's Crystal Spear  Conj/Erth      1%         10d2      100%        8
 Polar Vortex             Ice            1%         N/A       100%        9


Dungeon Overview and Level Annotations

Branches:
Dungeon (14/15)            Temple (1/1) D:6            Lair (6/6) D:8
  Swamp (0/4) Lair:3        Snake (0/4) Lair:4        Slime (0/5) Lair:5
    Orc (2/2) D:11            Elf (0/3) Orc:2        Vaults (0/5) D:13
  Sewer (visited)          Bailey (visited)

Altars:
Ashenzari
Cheibriados
Dithmenos
Elyvilon
Fedhas
Hepliaklqana
Kikubaaqudgha
Makhleb
Nemelex Xobeh
Okawaru
Qazlal
Ru
Sif Muna
Trog
Uskayaw
Vehumet
Wu Jian
Xom
Yredelemnul
Zin
The Shining One
Jiyva

Shops:
D:4 *   D:5 *   Orc:2 [([[

Annotations:
Lair:6 1 runed translucent door, Wogokhlo's ghost, journeyman FeBe


Innate Abilities, Weirdness & Mutations

Your natural rate of healing is accelerated.
You have razor-sharp teeth.
You have supernaturally acute eyesight. (SInv)
You are afflicted with vampirism and can become a bat while bloodless.


Message History

Aiming: Corrosive Bolt
Press: ? - help, Shift-Dir - straight line, f/p - Azrael
Aim: Azrael, wielding a +4 scimitar of flaming (almost dead, 91% to hit)
The bolt of acid hits Azrael!!
Azrael is splashed with acid.
You kill Azrael!
Kikubaaqudgha accepts your kill.
Your Fighting skill increases to level 10!
Unknown command.
You start removing your armour.
You continue taking off your +0 fire dragon scales. x4
The boulder beetle curls into a ball and begins rolling!
You finish taking off your +0 fire dragon scales.
Unknown command.
Okay, then.
As you read the scroll of fear, it crumbles to dust.
You assume a fearsome visage.
The bush is unaffected. x16
The red devil is unaffected.
The boulder beetle looks frightened!
A red devil comes into view.
It is wielding a +2 demon trident of freezing.
A centaur warrior comes into view.
The centaur warrior wields a +0 longbow.
The centaur warrior shoots an arrow.
You block the arrow.
The centaur warrior shoots an arrow.
The arrow completely misses you.
The centaur warrior shoots an arrow.
The arrow completely misses you.
The centaur warrior shoots an arrow.
You block the arrow.
The centaur warrior shoots an arrow.
The arrow completely misses you.
Okay, then.
Okay, then.
Okay, then.
As you read the scroll of summoning, it crumbles to dust.
Wisps of shadow whirl around you...
The centaur warrior shoots an arrow.
The arrow hits you!!
* * * LOW HITPOINT WARNING * * *
Unknown command.
Okay, then.
Okay, then.
As you read the scroll of fog, it crumbles to dust.
The scroll dissolves into smoke.
The centaur warrior shoots an arrow.
The arrow hits you!
You die...
Kikubaaqudgha rasps: "You have failed me!
Welcome... death!"

#......P...P......
#.................
####......P..4P.....
............)....#
..........P...P..#
.................#
..........P...P..#
......§§Dp4......##
......§@§.P...P......
#......§§.............
#.....!#'Y.P...P.....#
#......#.............#
+......#...P..cP..(..#
###......##............#
..........#..P...P.....
..........#...........
######.............P...P....


You could see a centaur warrior, 2 red devils, a friendly catoblepas (summoned),
a friendly four-headed hydra (summoned) and a friendly human (summoned).

Vanquished Creatures
  An orc warlord (Orc:1)
  Azrael (D:14)
  Snorg (D:11)
  A fire dragon (D:14)
  4 hydras
  A merfolk avatar (Lair:6)
  8 vault guards
  The ghost of sasquatch the Spear-Bearer, a journeyman DsAK of Lugonu (D:10)
  A centaur warrior (Orc:2)
  6 two-headed ogres
  A dancing weapon (D:11)
  3 sea snakes (Lair:6)
  An orc knight (Orc:1)
  Pikel (D:7)
  An orc sorcerer (Orc:1)
  2 ugly things
  2 deep elf pyromancers
  4 manticores
  A cyclops (D:11)
  3 black mambas
  2 elephants
  11 cane toads
  2 gargoyles
  4 rime drakes
  An efreet (D:11)
  2 kobold demonologists
  A freezing wraith (D:11)
  An unseen horror (D:11)
  10 komodo dragons
  3 trolls
  A hornet (D:9)
  2 tyrant leeches
  A polar bear (Lair:4)
  5 blink frogs
  5 slime creatures (D:13)
  5 dream sheep (Lair:3)
  4 snapping turtles (Lair:6)
  A wyvern (Lair:5)
  2 vampires
  3 basilisks
  59 yaks
  4 steam dragons
  2 nagas (Lair:4)
  5 wargs
  3 swamp worms (Lair:3)
  5 hell hounds (D:14)
  17 water moccasins
  2 acid dragons
  A hornet zombie (D:6)
  43 orc warriors
  A sky beast (D:6)
  3 black bears
  4 wolves (Lair:5)
  6 ogres
  A necrophage (D:8)
  20 centaurs
  5 kobold brigands
  3 lemures (D:7)
  2 gnoll sergeants
  4 scorpions
  12 bullfrogs
  A wyvern zombie (D:8)
  A wyvern skeleton (D:7)
  3 killer bees
  2 electric eels (Lair:3)
  10 wights
  A bullfrog zombie (D:7)
  6 centaur zombies
  11 orc priests
  2 hounds
  A jelly (D:6)
  A bullfrog skeleton (D:5)
  A centaur skeleton (D:4)
  A gnoll shaman (D:7)
  6 hell rats (Lair:2)
  2 iguanas
  22 orc wizards
  A hound skeleton (D:5)
  Robin (D:4)
  A howler monkey zombie (D:7)
  13 gnolls
  8 adders
  A shadow imp (D:7)
  A white imp (D:5)
  2 ufetubi
  An adder skeleton (D:4)
  4 dart slugs
  61 orcs
  17 ball pythons
  10 endoplasms
  14 giant cockroaches
  11 hobgoblins
  12 quokkas
  9 bats
  7 frilled lizards
  15 goblins
  32 kobolds
  6 rats
610 creatures vanquished.

Vanquished Creatures (collateral kills)
  A komodo dragon (Lair:6)
1 creature vanquished.

Vanquished Creatures (others)
  2 komodo dragons (Lair:6)
  2 orcs
  18 bushes (Lair:6)
  3 demonic plants (D:1)
  31 fungi
  114 plants
  A withered plant (D:1)
171 creatures vanquished.

Grand Total: 782 creatures vanquished

Notes
Turn   | Place    | Note
-------+----------+-------------------------------------------
     0 | D:1      | SnakkuSnakku7 the Vampire Hedge Wizard began the quest for
                  | the Orb.
     0 | D:1      | Reached XP level 1. HP: 13/13 MP: 4/4
   120 | D:1      | Reached skill level 1 in Fighting
   244 | D:1      | Reached XP level 2. HP: 12/21 MP: 6/6
   421 | D:1      | Found a faded altar of an unknown god.
  1107 | D:2      | Gained mutation: You are afflicted with vampirism and can
                  | become a bat while bloodless. [Vampire growth]
  1107 | D:2      | Reached XP level 3. HP: 27/27 MP: 7/7
  1192 | D:2      | Found an ornate altar of the Wu Jian Council.
  1744 | D:3      | Reached skill level 1 in Polearms
  1744 | D:3      | Reached XP level 4. HP: 25/33 MP: 8/8
  1746 | D:3      | Reached skill level 2 in Polearms
  1814 | D:3      | Found an iron altar of Okawaru.
  1884 | D:3      | Found a shadowy altar of Dithmenos.
  2457 | D:4      | Found Ibboech's Neck Hole.
  2658 | D:4      | Found a sacrificial altar of Ru.
  2666 | D:4      | Found a hide-covered altar of Uskayaw.
  2750 | D:4      | Reached skill level 1 in Throwing
  2888 | D:4      | Noticed Robin
  2904 | D:4      | Reached XP level 5. HP: 32/38 MP: 9/9
  2981 | D:4      | Killed Robin
  3006 | D:4      | Found a snail-covered altar of Cheibriados.
  3333 | D:4      | Found a burning altar of Makhleb.
  3336 | D:4      | Found a basalt altar of Yredelemnul.
  3426 | D:5      | Entered Level 5 of the Dungeon
  3470 | D:5      | Noticed an ogre
  3477 | D:4      | Reached skill level 3 in Polearms
  3552 | D:5      | Noticed a water moccasin
  3668 | D:4      | Reached XP level 6. HP: 44/44 MP: 10/10
  3730 | D:5      | Found a glowing drain.
  3756 | Sewer    | Entered a sewer
  4180 | Sewer    | Reached skill level 4 in Polearms
  4334 | D:5      | Reached XP level 7. HP: 43/50 MP: 11/11
  4692 | D:5      | HP: 2/50 [orc (5)]
  4701 | D:5      | Identified the +4 ring mail of the Sturgeon {rElec Str+2
                  | Dex+3}
  4842 | D:6      | Reached skill level 5 in Polearms
  4855 | D:6      | Found a staircase to the Ecumenical Temple.
  4867 | Temple   | Entered the Ecumenical Temple
  4901 | Temple   | Became a worshipper of Kikubaaqudgha
  5385 | D:5      | Reached skill level 6 in Polearms
  5433 | D:5      | Found Kyh Yqoo's Mayhem Merchandise.
  5441 | D:5      | Bought a wand of iceblast (4) for 112 gold pieces
  5441 | D:5      | Bought a wand of iceblast (7) for 154 gold pieces
  5522 | D:5      | Reached XP level 8. HP: 40/56 MP: 12/12
  5833 | D:6      | Reached skill level 7 in Polearms
  6266 | D:6      | Reached skill level 8 in Polearms
  7061 | D:7      | Reached skill level 9 in Polearms
  7273 | D:7      | Reached XP level 9. HP: 61/61 MP: 13/13
  7642 | D:7      | Reached * piety under Kikubaaqudgha
  7642 | D:7      | Received a gift from Kikubaaqudgha
  7916 | D:8      | Noticed Pikel
  8016 | D:7      | Killed Pikel
  8017 | D:7      | Reached skill level 10 in Polearms
  8410 | D:8      | Reached skill level 11 in Polearms
  8872 | D:7      | Reached XP level 10. HP: 42/67 MP: 14/14
  8955 | D:7      | Reached skill level 12 in Polearms
  9190 | D:8      | Found a stormy altar of Qazlal.
  9464 | D:8      | Reached ** piety under Kikubaaqudgha
  9676 | D:8      | Found a staircase to the Lair.
  9789 | D:8      | Found an ornate altar of the Wu Jian Council.
  9974 | Lair:1   | Entered Level 1 of the Lair of Beasts
 10101 | Lair:2   | Reached skill level 13 in Polearms
 10124 | Lair:2   | Noticed a black mamba
 10132 | Lair:2   | Killed a black mamba
 10991 | Lair:3   | Noticed a cane toad
 11019 | Lair:3   | Killed a cane toad
 11174 | Lair:6   | Entered Level 6 of the Lair of Beasts
 11223 | Lair:4   | Noticed an elephant
 11369 | D:9      | Reached XP level 11. HP: 64/64 MP: 15/15
 11385 | D:9      | Reached skill level 14 in Polearms
 11548 | D:9      | Noticed a two-headed ogre
 11574 | D:9      | Killed a two-headed ogre
 12035 | D:8      | Reached skill level 5 in Fighting
 12528 | D:9      | Reached *** piety under Kikubaaqudgha
 12528 | D:9      | Received a gift from Kikubaaqudgha
 12915 | D:9      | Noticed a two-headed ogre
 12938 | D:9      | Killed a two-headed ogre
 13203 | D:10     | Entered Level 10 of the Dungeon
 13528 | D:10     | Found a shimmering blue altar of Sif Muna.
 14570 | Lair:1   | Noticed a seven-headed hydra
 14584 | Lair:1   | Killed a seven-headed hydra
 15453 | Lair:2   | Reached **** piety under Kikubaaqudgha
 15455 | Lair:2   | Noticed a four-headed hydra
 15464 | Lair:2   | Killed a four-headed hydra
 15465 | Lair:2   | Reached skill level 5 in Armour
 15465 | Lair:2   | Reached XP level 12. HP: 49/92 MP: 16/16
 16484 | Lair:3   | Found a staircase to the Swamp.
 17329 | Lair:4   | Noticed a six-headed hydra
 17337 | Lair:4   | Killed a six-headed hydra
 17377 | Lair:4   | Found a staircase to the Snake Pit.
 17617 | Lair:4   | Reached skill level 5 in Dodging
 18492 | Lair:5   | Found a viscous altar of Jiyva.
 18492 | Lair:5   | Found a staircase to the Slime Pits.
 19047 | Lair:6   | Reached ***** piety under Kikubaaqudgha
 19054 | Lair:6   | Reached skill level 1 in Evocations
 19075 | Lair:6   | Reached XP level 13. HP: 76/98 MP: 17/17
 19126 | Lair:6   | Found a runed translucent door.
 19136 | Lair:6   | Noticed Wogokhlo's ghost (journeyman FeBe)
 19877 | Lair:6   | Reached skill level 5 in Evocations
 20965 | D:11     | Noticed Snorg
 20980 | D:11     | Killed Snorg
 21115 | D:11     | Found a staircase to the Orcish Mines.
 21207 | D:11     | Reached skill level 1 in Necromancy
 21540 | D:11     | Found a runed translucent door.
 21541 | D:11     | Found a shimmering altar of Xom.
 21541 | D:11     | Noticed sasquatch's ghost (journeyman DsAK)
 21859 | D:11     | Reached skill level 5 in Necromancy
 22405 | D:10     | Killed sasquatch's ghost
 22915 | Orc:1    | Entered Level 1 of the Orcish Mines
 23005 | Orc:2    | Entered Level 2 of the Orcish Mines
 23131 | Orc:2    | Found a staircase to the Elven Halls.
 23156 | Orc:1    | Noticed an orc warlord
 23738 | Orc:2    | Reached XP level 14. HP: 78/105 MP: 18/18
 23929 | Orc:2    | Found Bebofi's Antique Armour Shop.
 23929 | Orc:2    | Found Annap's Weapon Emporium.
 23953 | Orc:2    | Found Ohisucs's Antique Armour Boutique.
 23955 | Orc:2    | Found Hijeaq's Armour Shoppe.
 23972 | Orc:2    | Bought a glimmering plate armour for 784 gold pieces
 23972 | Orc:2    | Identified the +6 plate armour of Xuchiudi {Str+7 Int-5}
                  | (You bought it in a shop on level 2 of the Orcish Mines)
 24307 | Orc:2    | Reached ****** piety under Kikubaaqudgha
 25034 | Orc:1    | Killed an orc warlord
 25626 | D:12     | Reached skill level 10 in Necromancy
 26109 | D:13     | Found a shimmering altar of Xom.
 26122 | D:13     | Found a gate to the Vaults.
 27258 | D:13     | Reached skill level 1 in Shields
 27331 | D:13     | Found a shimmering altar of Xom.
 27367 | D:13     | Found a shimmering altar of Xom.
 27368 | D:13     | Found a shimmering altar of Xom.
 27368 | D:13     | Found a shimmering altar of Xom.
 27371 | D:13     | Found a shimmering altar of Xom.
 27376 | D:13     | Found a shimmering altar of Xom.
 27814 | D:14     | Found a flagged portal.
 27854 | Bailey   | Entered a bailey
 27926 | Bailey   | Found an iron altar of Okawaru.
 28135 | D:14     | Noticed Azrael
 28158 | D:14     | Killed Azrael
 28159 | D:14     | Reached skill level 10 in Fighting
 28171 | D:14     | Shot with an arrow by a centaur warrior

Illustrated notes

Levels and vault maps discovered:
D:1:      ebering_trefoil_3fold, layout_loops_ring,
          shapermc_ecumenical_altar_gd, st_stairs_12, minmay_stone_trees_medium
D:2:      layout_basic, basic_altar, serial_corexii_hall,
          chequers_hall_statues_corner_a, chequers_hall_statues_wall_a
D:3:      minmay_general_purpose_star, layout_basic,
          nicolae_dithmenos_shadow_blocks,
          mainiacjoe_overflow_concentric_impassable
D:4:      layout_cave_pools, grunt_temple_overflow_cloverleaf,
          grunt_temple_overflow_open, serial_glass, glass_columns_c,
          glass_columns_b, minmay_misc_feat_x,
          nicolae_shop_sticking_my_neck_out, uniq_robin
D:5:      layout_cave_pools, portal_sewer_entry_e, minmay_shop_mayhem
D:6:      layout_loops_cross, minmay_temple_entry_arrows
D:7:      layout_loops_ring
D:8:      cheibrodos_helix_gallery, layout_rooms, lemuel_round_altar,
          gammafunk_temple_overflow_pools, erik_lair_orcish_takeover, uniq_pikel
D:9:      minmay_angry_zag, layout_cave_pods
D:10:     layout_gridville, mainiacjoe_overflow_alcove_1
D:11:     minmay_opposing_rooms, layout_long_grid, gauntlet_entry_generic,
          ebering_ghost_xom, chequers_jeans, uniq_snorg
D:12:     layout_cave_pools, dk_noncrumbling_3
D:13:     layout_long_grid, erik_vaults_2, minivault_27,
          nicolae_xom_altar_mimics
D:14:     layout_irregular_city, enter_bailey_8, muffindrake_ghost_dual_entry,
          serial_shops, nicolae_shop_trees, serial_park_avenue1,
          minmay_beelzebubs_servants, uniq_azrael
Temple:   cyrus_temple_forest
Lair:1:   layout_cave_pods
Lair:2:   layout_long_grid
Lair:3:   layout_big_grid, minmay_swamp_entry_worms, guppyfry_lair_drakes
Lair:4:   layout_loops_ring, guppyfry_snake_entry_island, st_stairs_3
Lair:5:   layout_small_grid, dpeg_slime_entry_enclosed_altar
Lair:6:   gammafunk_lair_ancient_temple, layout_loops_ring,
          ebering_ghost_reflecting_pool, serial_forest, infiniplex_forest_end_2,
          infiniplex_forest_clump_medium, infiniplex_forest_lined_4_way,
          infiniplex_forest_clump_medium, infiniplex_forest_clump_small,
          infiniplex_forest_fountain, infiniplex_forest_3_way,
          lemuel_old_faithful
Orc:1:    layout_caves
Orc:2:    st_orc_rangers, layout_diamond_mine, mines_bat_river

Skill      XL: |  1  2  3  4  5  6  7  8  9 10 11 12 13 14 |
---------------+-------------------------------------------+-----
Fighting       | 1 2 8 10 | 10.0
Polearms       | 1 2 3 4 6 9 11 13 14 | 14.0
Throwing       | 1 2 3 4 |  4.0
Armour         | 5 8 |  8.0
Dodging        | 8 |  8.0
Evocations     | 1 8 |  8.0
Necromancy     | 7 10 | 10.0
Shields        | 4 |  4.0
Maces & Flails | |  0.5
Stealth        | |  3.0
Spellcasting   | |  3.0
Conjurations   | |  0.6
Summonings     | |  1.0
Translocations | |  0.7

Action                   |  1- 3 |  4- 6 |  7- 9 | 10-12 | 13-15 || total
-------------------------+-------+-------+-------+-------+-------++-------
Melee: Dagger            |    97 |       |       |       |       ||    97
       Bite              |    18 |    30 |    42 |    93 |   130 ||   313
       Dire flail        |    27 |       |       |       |       ||    27
       Trident           |    30 |   359 |   426 |   695 |  1282 ||  2792
       Spear             |       |       |       |   413 |       ||   413
Throw: Dart              |       |    19 |   125 |    88 |    65 ||   297
       Throwing net      |       |       |       |     2 |     1 ||     3
 Cast: Magic Dart        |     2 |       |       |       |       ||     2
 Abil: Bat Form          |       |       |       |     1 |       ||     1
       Exsanguinate      |       |       |       |     1 |       ||     1
       Revivify          |       |       |       |     1 |       ||     1
Evoke: Wand              |       |       |     8 |    31 |    42 ||    81
       Phantom mirror    |       |       |       |       |     1 ||     1
  Use: Scroll            |       |     9 |     5 |    18 |     9 ||    41
       Potion            |       |     6 |     3 |     1 |     2 ||    12
 Stab: Sleeping          |     3 |       |       |       |       ||     3
       Held in net/web   |       |       |       |     2 |     5 ||     7
       Paralysed         |       |       |       |       |    19 ||    19
       Distracted        |       |       |       |       |     1 ||     1
       Betrayed ally     |       |       |       |       |     1 ||     1
Armor: Robe              |    30 |       |       |       |       ||    30
       Plate armour      |    22 |   385 |   405 |   472 |   569 ||  1853
       Fire dragon scale |       |       |       |       |    24 ||    24
Dodge: Dodged            |    87 |   107 |    91 |   136 |   392 ||   813
       Repelled          |       |     1 |     2 |       |       ||     3
Block: Buckler           |       |       |       |       |    22 ||    22
